3L
NEW AMSTERDAM DUTCHMEN @ PORTLAND EVERGREENS
09/19/2028
 
TOP OF THE 1ST
New Amsterdam Dutchmen batting - Pitching for Portland Evergreens : RHP Ryan Peterson
Pitching: RHP Ryan Peterson
Batting: RHB Jon Osterman 0-0: Ball
1-0: Called Strike
1-1: Swinging Strike
1-2: Ball
2-2: Strikes out swinging
Batting: RHB Enrique Morales 0-0: Called Strike
0-1: Ball
1-1: Foul Ball, location: 2F
1-2: Ball
2-2: Strikes out swinging
Batting: LHB Félix López 0-0: Foul Ball, location: 2F
0-1: Ball
1-1: Foul Ball, location: 2F
1-2: Ball
2-2: Foul Ball, location: 2F
2-2: Foul Ball, location: 2F
2-2: Ball
3-2: SINGLE (Flyball, 6MD)
Batting: RHB Hank Wilder 0-0: Ball
1-0: Foul Ball, location: 2F
1-1: Swinging Strike
1-2: Fly out, F6 (Popup, 6)
Top of the 1st over - 0 run(s), 1 hit(s), 0 error(s), 1 left on base; New Amsterdam 0 - Portland 0
BOTTOM OF THE 1ST
Portland Evergreens batting - Pitching for New Amsterdam Dutchmen : LHP Rusty Swanson
Pitching: LHP Rusty Swanson
Batting: LHB José Ruíz 0-0: Ball
1-0: Foul Ball, location: 2F
1-1: Called Strike
1-2: Ball
2-2: Strikes out swinging
Batting: LHB Clay Rush 0-0: Foul Ball, location: 2F
0-1: Ball
1-1: Ball
2-1: SINGLE (Groundball, 34D)
Batting: LHB Chris Payling 0-0: Swinging Strike
0-1: Swinging Strike
0-2: Ball
1-2: Ball
2-2: Strikes out swinging
Batting: LHB John Ennis 0-0: Called Strike
0-1: Called Strike
0-2: Foul Ball, location: 2F
0-2: Ball
1-2: 2-RUN HOME RUN (Flyball, 8LXD), Distance : 415 ft
Batting: LHB Adrián Gómez 0-0: Called Strike
0-1: Fly out, F4 (Line Drive, 6M)
Bottom of the 1st over - 2 run(s), 2 hit(s), 0 error(s), 0 left on base; New Amsterdam 0 - Portland 2
TOP OF THE 2ND
New Amsterdam Dutchmen batting - Pitching for Portland Evergreens : RHP Ryan Peterson
Batting: LHB SaQwan Hackett 0-0: Called Strike
0-1: Called Strike
0-2: Ball
1-2: SINGLE (Groundball, 4D)
Batting: RHB António Pérez 0-0: Fly out, F9 (Flyball, 9LS)
Batting: LHB Eric Ward Pickoff Throw to First - Out!
0-0: Ball
1-0: Fly out, F8 (Flyball, 89M)
Top of the 2nd over - 0 run(s), 1 hit(s), 0 error(s), 0 left on base; New Amsterdam 0 - Portland 2
BOTTOM OF THE 2ND
Portland Evergreens batting - Pitching for New Amsterdam Dutchmen : LHP Rusty Swanson
Batting: LHB Charles Mathes 0-0: Called Strike
0-1: Ball
1-1: Foul Ball, location: 2F
1-2: Foul Ball, location: 2F
1-2: Strikes out swinging
Batting: RHB Ty Struck 0-0: SINGLE (Flyball, 78S)
Batting: RHB Bubba Blevins 0-0: Foul Ball, location: 2F
0-1: Called Strike
0-2: Ball
1-2: Ball
2-2: Foul Ball, location: 2F
2-2: Fly out, F9 (Line Drive, 89XD)
Batting: LHB Gabriel Díaz 0-0: Ball
1-0: Ball
2-0: Fly out, F8 (Line Drive, 8LD)
Bottom of the 2nd over - 0 run(s), 1 hit(s), 0 error(s), 1 left on base; New Amsterdam 0 - Portland 2
TOP OF THE 3RD
New Amsterdam Dutchmen batting - Pitching for Portland Evergreens : RHP Ryan Peterson
Batting: LHB Cornelius Taitt 0-0: Ball
1-0: Ball
2-0: Ball
3-0: Called Strike
3-1: Base on Balls
Batting: RHB Mario Rivera 0-0: Ball
1-0: Ball
2-0: Swinging Strike
2-1: Swinging Strike
2-2: Foul Ball, location: 2F
2-2: Foul Ball, location: 2F
2-2: Strikes out looking
Batting: RHB Jon Osterman 0-0: Fly out, F6 (Flyball, 6MD)
Batting: RHB Enrique Morales 0-0: Ball
1-0: Ball
2-0: Ball
3-0: Base on Balls
Cornelius Taitt to second
Batting: LHB Félix López 0-0: Fly out, F7 (Flyball, 7S)
Top of the 3rd over - 0 run(s), 0 hit(s), 0 error(s), 2 left on base; New Amsterdam 0 - Portland 2
BOTTOM OF THE 3RD
Portland Evergreens batting - Pitching for New Amsterdam Dutchmen : LHP Rusty Swanson
Batting: LHB José Ruíz 0-0: Swinging Strike
0-1: Ball
1-1: Ball
2-1: Foul Ball, location: 2F
2-2: Ball
3-2: Strikes out looking
Batting: LHB Clay Rush 0-0: Ball
1-0: Ball
2-0: Called Strike
2-1: SINGLE (Groundball, P) (infield hit)
Batting: LHB Chris Payling 0-0: Called Strike
0-1: Called Strike
0-2: Fielders Choice at 2nd, 4-6 (Groundball, 4)
Batting: LHB John Ennis 0-0: Ball
Chris Payling steals 2nd base
1-0: Ball
2-0: Swinging Strike
2-1: Foul Ball, location: 2F
2-2: Ball
3-2: 2-RUN HOME RUN (Flyball, 9LD), Distance : 366 ft
Batting: LHB Adrián Gómez 0-0: Called Strike
0-1: Ball
1-1: Called Strike
1-2: Foul Ball, location: 2F
1-2: Strikes out looking
Bottom of the 3rd over - 2 run(s), 2 hit(s), 0 error(s), 0 left on base; New Amsterdam 0 - Portland 4
TOP OF THE 4TH
New Amsterdam Dutchmen batting - Pitching for Portland Evergreens : RHP Ryan Peterson
Batting: RHB Hank Wilder 0-0: Called Strike
0-1: Called Strike
0-2: Strikes out looking
Batting: LHB SaQwan Hackett 0-0: Ground out 5-3 (Groundball, 5S)
Batting: RHB António Pérez 0-0: Ball
1-0: Called Strike
1-1: Fly out, F9 (Flyball, 9LMF)
Top of the 4th over - 0 run(s), 0 hit(s), 0 error(s), 0 left on base; New Amsterdam 0 - Portland 4
BOTTOM OF THE 4TH
Portland Evergreens batting - Pitching for New Amsterdam Dutchmen : LHP Rusty Swanson
Batting: LHB Charles Mathes 0-0: Ball
1-0: Foul Ball, location: 2F
1-1: Called Strike
1-2: Ball
2-2: Fly out, F7 (Flyball, 7LS)
Batting: RHB Ty Struck 0-0: Foul Ball, location: 2F
0-1: Ball
1-1: Foul Ball, location: 2F
1-2: SINGLE (Line Drive, 78S)
Batting: RHB Bubba Blevins 0-0: Ball
1-0: SINGLE (Groundball, 5D)
Ty Struck to second
Batting: LHB Gabriel Díaz 0-0: Ground out 4-3 (Groundball, 34D)
Ty Struck to third
Bubba Blevins to second
Batting: LHB José Ruíz 0-0: Called Strike
0-1: Swinging Strike
0-2: Ball
1-2: Strikes out looking
Bottom of the 4th over - 0 run(s), 2 hit(s), 0 error(s), 2 left on base; New Amsterdam 0 - Portland 4
TOP OF THE 5TH
New Amsterdam Dutchmen batting - Pitching for Portland Evergreens : RHP Ryan Peterson
Batting: LHB Eric Ward 0-0: Called Strike
0-1: Ball
1-1: Swinging Strike
1-2: Foul Ball, location: 2F
1-2: Fly out, F8 (Flyball, 8LD)
Batting: LHB Cornelius Taitt 0-0: Ball
1-0: Called Strike
1-1: Ground out 4-3 (Groundball, 34)
Batting: RHB Mario Rivera 0-0: Ball
1-0: Called Strike
1-1: Ball
2-1: Swinging Strike
2-2: Strikes out swinging, 2-3 out at first.
Top of the 5th over - 0 run(s), 0 hit(s), 0 error(s), 0 left on base; New Amsterdam 0 - Portland 4
BOTTOM OF THE 5TH
Portland Evergreens batting - Pitching for New Amsterdam Dutchmen : LHP Rusty Swanson
Batting: LHB Clay Rush 0-0: Ball
1-0: Ball
2-0: Ball
3-0: Called Strike
3-1: Called Strike
3-2: Ground out U3 (Groundball, 3)
Batting: LHB Chris Payling 0-0: Ball
1-0: SINGLE (Groundball, 4MD)
Batting: LHB John Ennis 0-0: Called Strike
Chris Payling is caught stealing 2nd base
0-1: Ball
1-1: Ball
2-1: Swinging Strike
2-2: Strikes out swinging
Bottom of the 5th over - 0 run(s), 1 hit(s), 0 error(s), 0 left on base; New Amsterdam 0 - Portland 4
TOP OF THE 6TH
New Amsterdam Dutchmen batting - Pitching for Portland Evergreens : RHP Ryan Peterson
Batting: RHB Jon Osterman 0-0: Ball
1-0: Ball
2-0: Called Strike
2-1: Ground out 6-3 (Groundball, 6M)
Batting: RHB Enrique Morales 0-0: Ball
1-0: Foul Ball, location: 2F
1-1: Ground out 5-3 (Groundball, 56)
Batting: LHB Félix López 0-0: Ball
1-0: Single, Error in OF, E8, batter to second base
Batting: RHB Hank Wilder 0-0: Called Strike
0-1: Ball
1-1: Ball
2-1: DOUBLE (Groundball, 5L)
Félix López scores
Batting: LHB SaQwan Hackett 0-0: Called Strike
0-1: Fly out, F9 (Line Drive, 9S)
Top of the 6th over - 1 run(s), 2 hit(s), 1 error(s), 1 left on base; New Amsterdam 1 - Portland 4
BOTTOM OF THE 6TH
Portland Evergreens batting - Pitching for New Amsterdam Dutchmen : LHP Rusty Swanson
Batting: LHB Adrián Gómez 0-0: Foul Ball, location: 2F
0-1: Called Strike
0-2: Strikes out swinging
Batting: LHB Charles Mathes 0-0: Ball
1-0: Ball
2-0: Called Strike
2-1: SINGLE (Line Drive, 78S)
Batting: RHB Ty Struck 0-0: Ball
1-0: Ball
2-0: Ball
3-0: Grounds into double play, 5-4-3 (Groundball, 5L)
Bottom of the 6th over - 0 run(s), 1 hit(s), 0 error(s), 0 left on base; New Amsterdam 1 - Portland 4
TOP OF THE 7TH
New Amsterdam Dutchmen batting - Pitching for Portland Evergreens : RHP Ryan Peterson
Batting: RHB António Pérez 0-0: Called Strike
0-1: Foul Ball, location: 2F
0-2: Fly out, F5 (Line Drive, 5)
Batting: LHB Eric Ward 0-0: Called Strike
0-1: Called Strike
0-2: Ball
1-2: Ball
2-2: Strikes out swinging
Batting: LHB Cornelius Taitt 0-0: Foul Ball, location: 2F
0-1: Ball
1-1: Ball
2-1: Ball
3-1: Base on Balls
Pitching: RHP Ricardo Gómez
Batting: RHB Mario Rivera 0-0: Fielders Choice at 2nd, 6-4 (Groundball, 6)
Top of the 7th over - 0 run(s), 0 hit(s), 0 error(s), 0 left on base; New Amsterdam 1 - Portland 4
BOTTOM OF THE 7TH
Portland Evergreens batting - Pitching for New Amsterdam Dutchmen : LHP Rusty Swanson
Batting: RHB Bubba Blevins 0-0: Foul Ball, location: 2F
0-1: Ball
1-1: Ground out 5-3 (Groundball, 56S)
Batting: LHB Gabriel Díaz 0-0: Ball
1-0: Fly out, F9 (Flyball, 9D)
Batting: LHB José Ruíz 0-0: Called Strike
0-1: Ball
1-1: Fly out, F6 (Line Drive, 6)
Bottom of the 7th over - 0 run(s), 0 hit(s), 0 error(s), 0 left on base; New Amsterdam 1 - Portland 4
TOP OF THE 8TH
New Amsterdam Dutchmen batting - Pitching for Portland Evergreens : RHP Ricardo Gómez
Batting: RHB Jon Osterman 0-0: Ball
1-0: Swinging Strike
1-1: Ball
2-1: Called Strike
2-2: Strikes out swinging
Batting: RHB Enrique Morales 0-0: Ball
1-0: Called Strike
1-1: Ball
2-1: Foul Ball, location: 2F
2-2: Ball
3-2: Base on Balls
Pitching: RHP Miguel Cervantes
Batting: LHB Félix López 0-0: Called Strike
0-1: Ball
1-1: Ball
2-1: SINGLE (Line Drive, 89S)
Enrique Morales to second
Runner from 2nd tries for 3rd, SAFE, no throw
Batting: RHB Hank Wilder 0-0: Foul Ball, location: 2F
0-1: 3-RUN HOME RUN (Flyball, 7D), Distance : 408 ft
Batting: LHB SaQwan Hackett 0-0: Called Strike
0-1: Foul Ball, location: 2F
0-2: Foul Ball, location: 2F
0-2: Ball
1-2: SINGLE (Line Drive, 78S)
Pinch Runner at 1st John Burton:
Batting: RHB António Pérez 0-0: Swinging Strike
0-1: SINGLE (Groundball, 6MD)
John Burton to second
Runner from 2nd tries for 3rd, SAFE, throw made to third
Batting: LHB Eric Ward 0-0: Ball
1-0: Swinging Strike
1-1: Fly out, F8 (Flyball, 8RD)
Runner from 3rd tags up, SCORES, no throw
Pitching: LHP Walt Cooley
Batting: LHB Cornelius Taitt 0-0: Swinging Strike
0-1: Ball
1-1: Swinging Strike
1-2: Ball
2-2: Strikes out looking
Top of the 8th over - 4 run(s), 4 hit(s), 0 error(s), 1 left on base; New Amsterdam 5 - Portland 4
BOTTOM OF THE 8TH
Portland Evergreens batting - Pitching for New Amsterdam Dutchmen : LHP Rusty Swanson
Now at 1B: John Burton
Batting: LHB Clay Rush 0-0: Ball
1-0: Ball
2-0: Ball
3-0: Called Strike
3-1: Base on Balls
Pitching: LHP Frenk Norman
Pinch Runner at 1st Silvio Bonauiti:
Batting: LHB Chris Payling 0-0: Foul Ball, location: 2F
0-1: Foul Ball, location: 2F
0-2: Fly out, F9 (Line Drive, 9LM)
Batting: LHB John Ennis 0-0: Foul Ball, location: 2F
0-1: Ball
1-1: Ball
2-1: Ball
3-1: Base on Balls
Silvio Bonauiti to second
Batting: LHB Adrián Gómez 0-0: Ball
1-0: Ball
2-0: Ball
3-0: Called Strike
3-1: Base on Balls
Silvio Bonauiti to third
John Ennis to second
Batting: LHB Charles Mathes 0-0: Foul Ball, location: 2F
0-1: Grounds into fielders choice 4-2 (Groundball, 4M)
John Ennis to third
Adrián Gómez to second
Pitching: RHP Ron Madison
Pinch Hitting: LHB Shahid Afridi 0-0: Called Strike
0-1: Swinging Strike
0-2: Ground out U3 (Groundball, 3S)
Bottom of the 8th over - 0 run(s), 0 hit(s), 0 error(s), 3 left on base; New Amsterdam 5 - Portland 4
TOP OF THE 9TH
New Amsterdam Dutchmen batting - Pitching for Portland Evergreens : LHP Walt Cooley
Pitching: RHP Fernando Ramírez
Now at 3B: Arturo Acevedo
Batting: RHB Mario Rivera 0-0: SINGLE (Line Drive, 6M)
Batting: RHB Jon Osterman 0-0: Ground out 2-3 (Groundball, 15S)
Mario Rivera to second
Batting: RHB Enrique Morales 0-0: Ball
1-0: SINGLE (Line Drive, 34D)
Mario Rivera to third
Batting: LHB Félix López 0-0: Ball
1-0: Called Strike
1-1: Foul Ball, location: 2F
1-2: Ball
2-2: Foul Ball, location: 2F
2-2: Ball
3-2: SINGLE (Groundball, 34D)
Mario Rivera scores
Enrique Morales to second
Enrique Morales to third
Batting: RHB Hank Wilder 0-0: Called Strike
0-1: Fly out, F9 (Flyball, 9S)
Batting: RHB John Burton 0-0: Called Strike
0-1: Fielders Choice at 2nd, 4-6 (Groundball, 4)
Top of the 9th over - 1 run(s), 3 hit(s), 0 error(s), 1 left on base; New Amsterdam 6 - Portland 4
BOTTOM OF THE 9TH
Portland Evergreens batting - Pitching for New Amsterdam Dutchmen : RHP Ron Madison
Pitching: RHP Glenn Butler
Batting: RHB Bubba Blevins 0-0: Called Strike
0-1: Ball
1-1: Called Strike
1-2: Strikes out swinging
Batting: LHB Gabriel Díaz 0-0: Ball
1-0: Ball
2-0: Called Strike
2-1: Ball
3-1: Foul Ball, location: 2F
3-2: Foul Ball, location: 2F
3-2: Ground out 4-3 (Groundball, 4)
Batting: LHB José Ruíz 0-0: Ball
1-0: DOUBLE (Groundball, 3L)
Batting: RHB Silvio Bonauiti 0-0: Foul Ball, location: 2F
0-1: Swinging Strike
0-2: Ground out 5-3 (Groundball, 56S)
Bottom of the 9th over - 0 run(s), 1 hit(s), 0 error(s), 1 left on base; New Amsterdam 6 - Portland 4
Wednesday, September 6th, 2017 - OOTP Baseball 17.12 Build 75